 Dungeon Crawl Stone Soup version 0.30.1 (webtiles) character file.

Game seed: 12000883510486451969

254 tizbic2 the Conjurer (level 5, -3/40 HPs)
             Began as a Demigod Conjurer on July 10, 2023.
             Killed from afar by a white imp (6 damage)
             ... with a puff of frost
             ... on level 4 of the Dungeon.
             The game lasted 00:09:00 (2042 turns).

tizbic2 the Conjurer (Demigod Conjurer)             Turns: 2042, Time: 00:09:00

Health: -3/40      AC: 12    Str: 12    XL:     5   Next: 59%
Magic:  3/12       EV: 11    Int: 20    God:
Gold:   147        SH:  4    Dex: 12    Spells: 7/10 levels left

rFire   . . .        r - +1 war axe
rCold   . . .        l - +0 buckler
rNeg    . . .        v - +0 leather armour
rPois   .            (no helmet)
rElec   .            (no cloak)
rCorr   .            a - +0 pair of gloves
SInv    .            (no boots)
Will    .....        (no amulet)
Stlth   ++           i - +4 ring of protection
HPRegen 0.26/turn    c - +4 ring of protection
MPRegen 0.13/turn

%: no passive effects
@: about to teleport
A: high MP 1, forlorn, divine attributes
a: no special abilities


You were on level 4 of the Dungeon.
You visited 1 branch of the dungeon, and saw 4 of its levels.

You collected 147 gold pieces.

Inventory:

Hand Weapons
 r - a +1 war axe (weapon)
Missiles
 d - 5 atropa-tipped darts
 e - a throwing net
 p - 6 poisoned darts (quivered)
Armour
 a - a +0 pair of gloves (worn)
 l - a +0 buckler (worn)
 n - a +0 robe
 v - a +0 leather armour (worn)
Jewellery
 c - a +4 ring of protection (right hand)
 g - a ring of ice
 i - a +4 ring of protection (left hand)
Scrolls
 k - a scroll of butterflies {unknown}
 w - 2 scrolls of vulnerability
Potions
 f - a potion of berserk rage {unknown}
 j - 2 potions of might {unknown}
 q - a potion of flight {unknown}
 s - a potion of lignification
 t - a potion of heal wounds {unknown}


   Skills:
 + Level 1.5 Fighting
 + Level 0.8 Axes
 + Level 2.7 Dodging
 - Level 2.2 Stealth
 * Level 2.1 Shields
 * Level 3.0 Spellcasting
 + Level 4.1 Conjurations


You had 7 spell levels left.
You knew the following spells:

 Your Spells              Type           Power      Damage    Failure   Level
a - Magic Dart            Conj           76%        1d6       4%          1
b - Searing Ray           Conj           38%        2d5       7%          2

Your spell library contained the following spells:

 Spells                   Type           Power      Damage    Failure   Level
 Dazzling Flash           Conj/Hex       22%        N/A       32%         3
 Fulminant Prism          Conj/Hex       5%         3d7       73%         4
 Iskenderun's Mystic Bla  Conj/Tloc      11%        2d4       73%         4


Dungeon Overview and Level Annotations

Branches:
Dungeon (4/15)
 Temple: D:4-7

Annotations:
D:4 Dowan, Natasha


Innate Abilities, Weirdness & Mutations

You have an increased reservoir of magic. (+10% MP)
You shall have no god before yourself.
Your divine heritage dramatically boosts your attributes as you level up.


Message History

Dowan hits you but does no damage. Duvessa hits you but does no damage.
The white imp shouts, "Submit, thou rough-hewn saucy baggage!"
The cerulean imp hits you but does no damage.
You block Dowan's attack.
The white imp shouts, "Quit, thou canting flat-headed Cock-Lorel!"
Duvessa hits you but does no damage.
Casting: Searing Ray (safe; 8% risk of failure)
Confirm with . or Enter, or press ? or * to list all spells.
Aiming: Searing Ray (safe; 8% risk of failure)
Press: ? - help, Shift-Dir - straight line, f/p - Duvessa
Aim: Duvessa, wearing a +0 leather armour and quivering poisoned darts (almost dead, 81% to hit)
The searing ray hits Duvessa but does no damage.
Duvessa is almost dead. (Press . to maintain the ray.)
The cerulean imp barely misses you. Dowan gestures at you while chanting.
The puff of frost hits you!
* * * LOW HITPOINT WARNING * * *
Duvessa completely misses you.
The searing ray hits Duvessa.
You kill Duvessa!
Dowan seems overcome with grief.
Dowan seems to find hidden reserves of power!
Dowan points at you and mumbles some strange words.
The stone arrow misses you. The cerulean imp misses you.
Natasha howls an incantation.
Natasha glows brightly for a moment.
Your Shields skill increases to level 2!
Your Spellcasting skill increases to level 3!
You have reached level 5!
As you read the scroll of teleportation, it crumbles to dust.
You feel strangely unstable. You block Dowan's attack.
Natasha mumbles some strange words.
Natasha glows brightly for a moment.
The cerulean imp barely misses you.
Dowan mumbles some strange words.
Dowan blinks!
The white imp gestures at you. The puff of frost hits you.
You die...

#.....+....e...
#...e##.....###
#....##:....# .
#....##.....# ..
#....##.....# ...
#....##.....# ....
#..<.......... .....
#.#....########5$..#
#.#......5h5.@)...#
#.#.....#####.ยง..#...
#.#........ .....#
#.#....######....#
#.#.#..^ #....#
#........ #..e.#
#........# #...##
#......... ....#


You could see Dowan (fast), Natasha, 2 cerulean imps and a white imp.

Vanquished Creatures
  Duvessa (D:4)
  Natasha (D:4)
  3 gnolls (D:3)
  3 adders
  A worm (D:4)
  A dart slug (D:3)
  5 orcs (D:3)
  4 ball pythons
  6 endoplasms
  6 giant cockroaches
  7 goblins
  2 hobgoblins
  4 jackals
  3 quokkas
  A bat (D:1)
  4 frilled lizards
  3 kobolds
  3 rats
58 creatures vanquished.

Notes
Turn   | Place    | Note
-------+----------+-------------------------------------------
     0 | D:1      | tizbic2 the Demigod Conjurer began the quest for the Orb.
     0 | D:1      | Reached XP level 1. HP: 14/14 MP: 5/5
   238 | D:1      | Reached XP level 2. HP: 20/20 MP: 5/7
   291 | D:1      | Learned a level 2 spell: Searing Ray
   964 | D:2      | Reached XP level 3. HP: 26/26 MP: 0/8
  1244 | D:3      | Reached skill level 1 in Shields
  1251 | D:3      | Reached XP level 4. HP: 34/34 MP: 0/10
  1505 | D:3      | Reached skill level 1 in Fighting
  1818 | D:4      | Noticed Duvessa
  1818 | D:4      | Noticed Dowan
  1820 | D:4      | Noticed Natasha
  1972 | D:4      | Killed Natasha
  1973 | D:4      | Reached skill level 4 in Conjurations
  2030 | D:4      | Noticed Natasha
  2041 | D:4      | Killed Duvessa
  2042 | D:4      | Reached XP level 5. HP: 3/40 MP: 3/12
  2042 | D:4      | Killed from afar by a white imp

Illustrated notes

Levels and vault maps discovered:
D:1:      nzn_arrival_water_spiral, layout_basic
D:2:      layout_basic, chequers_ecumenical_altar_island
D:3:      layout_basic
D:4:      layout_basic, mainiacjoe_overflow_paths, uniq_ijyb, uniq_duvessa,
          uniq_natasha

Skill      XL: |  1  2  3  4 |
---------------+-------------+-----
Stealth        | 2 |  2.2
Dodging        | 2 |  2.7
Spellcasting   | 2 3 |  3.0
Shields        | 1 2 |  2.1
Fighting       | 1 |  1.5
Conjurations   | 4 |  4.1
Axes           | |  0.8

Action                     |  1- 3 |  4- 6 || total
---------------------------+-------+-------++-------
  Melee: Dagger            |    20 |       ||    20
         Mace              |    15 |    23 ||    38
         War axe           |       |    29 ||    29
         Hand axe          |       |     1 ||     1
   Cast: Magic Dart        |    38 |     2 ||    40
         Searing Ray       |     9 |     7 ||    16
    Use: Scroll            |     1 |     8 ||     9
         Potion            |       |     1 ||     1
 Armour: Robe              |    24 |    12 ||    36
         Leather armour    |       |    26 ||    26
  Dodge: Dodged            |    26 |    46 ||    72
  Block: Buckler           |     5 |    11 ||    16
